 Dungeon Crawl Stone Soup version 0.27-a0-1149-g4505690ab0 (webtiles) character file.

Game seed: 17777405059920368855

208 Sobieck the Slasher (level 5, -10/43 HPs)
             Began as a Demonspawn Gladiator on May 12, 2021.
             Mangled by a hornet zombie (12 damage)
             ... on level 5 of the Dungeon.
             The game lasted 00:04:03 (2168 turns).

Sobieck the Slasher (Demonspawn Gladiator)          Turns: 2168, Time: 00:04:03

Health: -10/43     AC:  6    Str: 15    XL:     5   Next: 55%
Magic:  5/5        EV: 12    Int: 10    God:
Gold:   75         SH:  0    Dex: 14    Spells: 4/4 levels left

rFire    . . .     SeeInvis .   a - +0 long sword {long}
rCold    + . .     Faith    .   (no shield)
rNeg     . . .     Spirit   .   n - +0 leather armour
rPois    .         Reflect  .   c - +0 helmet
rElec    .         Harm     .   (no cloak)
rCorr    .         Rampage  .   (no gloves)
Will     .....                  (no boots)
Stlth    +.........             (no amulet)
HPRegen  0.14/turn              p - ring of protection from cold
MPRegen  0.09/turn              (no ring)

@: no status effects
A: hooves 1, rugged brown scales 2, foul stench 1
a: no special abilities


You were on level 5 of the Dungeon.
You visited 1 branch of the dungeon, and saw 5 of its levels.

You collected 75 gold pieces.


Innate Abilities, Weirdness & Mutations

You have large cloven feet.
You are mostly covered in rugged brown scales. (AC +2, +5% HP)
You may rarely emit foul miasma when damaged in melee.


   Skills:
 + Level 3.3 Fighting
 * Level 4.5 Long Blades
 - Level 1.7 Throwing
 + Level 3.6 Dodging


You had 4 spell levels left.
You didn't know any spells.
Your spell library contained the following spells:

 Spells                   Type           Power      Damage    Failure   Level
 Sandblast                Erth           0%         2d4       43%         1
 Passwall                 Tmut/Erth      0%         N/A       56%         2
 Stone Arrow              Conj/Erth      0%         3d7       80%         3
 Petrify                  Tmut/Erth      0%         N/A       99%         4
 Lee's Rapid Deconstruct  Erth           0%         3d5*      100%        5

Inventory:

Hand Weapons
 a - a +0 long sword (weapon) {long}
 b - a +0 hunting sling {sling}
   (You found it on level 3 of the Dungeon)
 l - a +0 great sword {long}
   (You found it on level 3 of the Dungeon)
Missiles
 d - 3 throwing nets (quivered) {=f!fthrowing}
 i - 43 stones {throwing}
 k - 17 arrows
Armour
 c - a +0 helmet (worn)
 n - a +0 leather armour (worn)
Jewellery
 p - a ring of protection from cold (left hand)
   (You found it on level 5 of the Dungeon)
Scrolls
 e - a scroll of amnesia {unknown}
 f - a scroll of magic mapping {unknown}
 g - 3 scrolls of identify {unknown}
 o - a scroll of fog {unknown}
Potions
 j - a potion of magic {unknown}
 m - a potion of ambrosia {unknown}

Dungeon Overview and Level Annotations

Branches:
Dungeon (5/15)
 Temple: D:4-7

Altars:

###### # #....####. #
#......... #### #.####....
....####....###### #
#......#....Z@...# ##
#......######....#
.###..........#####.####
..#...........####.....#
#.............##..#####....
##...........##..## ##
#.............###
##...........##
#..........##


You could see a hornet zombie.


Message History

i - 12 stones {throwing} (gained 1)
i - 13 stones {throwing} (gained 1)
i - 14 stones {throwing} (gained 1)
Found a stone staircase leading up.
g - 3 scrolls labelled SEVVYG HURRE (gained 1)
i - 44 stones {throwing} (gained 30)
A scorpion comes into view.
You shoot a stone {throwing}.
The stone {throwing} barely misses the scorpion.
You shoot a stone {throwing}. The stone {throwing} hits the scorpion.
You shoot a stone {throwing}.
The stone {throwing} hits the scorpion but does no damage.
a - a +0 long sword (weapon)
{long} You closely miss the scorpion.
The scorpion closely misses you.
You riposte.
You hit the scorpion. You barely miss the scorpion.
Your kick misses the scorpion. The scorpion barely misses you.
The scorpion closely misses you.
You slash the scorpion!
You kick the scorpion, but do no damage.
The scorpion stings you. 😕 HP[-2]
You take 2 damage, and now have 34/36 hp.
You hit the scorpion. The scorpion stings you. x2 😮 HP[-8]
You take 8 damage, and now have 26/36 hp.
MASSIVE DAMAGE!! (PAUSE) Unknown command.
You are too injured to fight recklessly!
Unknown command.
You slash the scorpion!
You kill the scorpion!
You have reached level 5!
Your demonic ancestry asserts itself...
Rugged brown scales spread over more of your body. 😮 MP[+1]
You now have 43 max hp (+7).
Your mp is fully restored (5).
Unknown command.
b - a +0 hunting sling (weapon)
{sling} 😮 HP[+1]
You start resting. 😎 HP[+16]
Your hp is fully restored (43).
i - 42 stones {throwing} (gained 1)
i - 43 stones {throwing} (gained 1) 2 zombies come into view.
The hornet zombie hits you but does no damage.
The hornet zombie hits you. 😕 HP[-3]
You take 3 damage, and now have 40/43 hp.
The hornet zombie hits you. 😕 HP[-4]
You take 4 damage, and now have 36/43 hp.
The killer bee zombie hits you. 😮 HP[-5]
You take 5 damage, and now have 31/43 hp.
a - a +0 long sword (weapon)
{long} You hit the killer bee zombie.
The killer bee zombie closely misses you.
You riposte.
You hit the killer bee zombie. Your kick misses the killer bee zombie.
The killer bee zombie closely misses you.
The killer bee zombie hits you. 😮 HP[-4]
You take 4 damage, and now have 27/43 hp.
You closely miss the killer bee zombie. You kick the killer bee zombie.
The killer bee zombie misses you.
The killer bee zombie hits you. 😮 HP[-4]
You take 4 damage, and now have 23/43 hp.
You slash the killer bee zombie! Your kick misses the killer bee zombie.
The killer bee zombie barely misses you.
You riposte.
You hit the killer bee zombie but do no damage.
You kick the killer bee zombie.
The killer bee zombie barely misses you. 😮 HP[+1]
You hit the killer bee zombie.
You destroy the killer bee zombie!
You completely miss the hornet zombie. Your kick misses the hornet zombie.
The hornet zombie hits you!
* * * LOW HITPOINT WARNING * * *
The hornet zombie hits you.
* * * LOW HITPOINT WARNING * * *
😨 HP[-9]
You take 9 damage, and now have 15/43 hp.
MASSIVE DAMAGE!! (PAUSE)
You hit the hornet zombie but do no damage.
The hornet zombie hits you!
* * * LOW HITPOINT WARNING * * *
😱 HP[-12]
You take 12 damage, and now have 3/43 hp.
MASSIVE DAMAGE!! (PAUSE)
You slash the hornet zombie! The hornet zombie hits you.
* * * LOW HITPOINT WARNING * * *
The hornet zombie hits you but does no damage. 😱 HP[-1]
You take 1 damage, and now have 2/43 hp.
Unknown command.
It was a potion of cancellation.
You feel magically purged. The hornet zombie hits you!
You die...

Skill      XL: |  1  2  3  4 |
---------------+-------------+-----
Long Blades    | 3 4 |  4.5
Dodging        | 3 |  3.6
Fighting       | 3 |  3.3
Throwing       | |  1.7

Action                   |  1- 3 |  4- 6 || total
-------------------------+-------+-------++-------
Melee: Long sword        |    80 |    19 ||    99
       Great sword       |     6 |       ||     6
       Kick              |     5 |     5 ||    10
 Fire: Hunting sling     |    18 |    13 ||    31
  Use: Potion            |       |     1 ||     1
Armor: Leather armour    |    31 |     6 ||    37
Dodge: Dodged            |    72 |    12 ||    84
       Rpst.: Long sword |    26 |     5 ||    31

Levels and vault maps discovered:
D:1:      heliophobic_arrival_henge, layout_loops_ring,
          hellmonk_ecumenical_altar_dog_temple
D:2:      layout_loops_corners
D:3:      layout_loops_corners, amcnicky_altar_gilded, minmay_circle_x,
          uniq_grinder
D:4:      layout_basic, kennysheep_opposing_triangles
D:5:      minmay_angry_zag, layout_cave_pods, lemuel_round_altar,
          grunt_gozag_statues, gammafunk_ghost_arena, chequers_mini_garden,
          grunt_decor_resistance

Notes
Turn   | Place    | Note
-------+----------+-------------------------------------------
     0 | D:1      | Sobieck the Demonspawn Gladiator began the quest for the
                  | Orb.
     0 | D:1      | Reached XP level 1. HP: 16/16 MP: 1/1
     0 | D:1      | magus.rc [v1.9.6]
   150 | D:1      | Reached skill level 3 in Long Blades
   150 | D:1      | Gained mutation: You may rarely emit foul miasma when
                  | damaged in melee. [demonic ancestry]
   150 | D:1      | Reached XP level 2. HP: 21/22 MP: 2/2
   794 | D:3      | Reached skill level 3 in Dodging
   901 | D:3      | Gained mutation: You have large cloven feet. [demonic
                  | ancestry]
   901 | D:3      | Reached XP level 3. HP: 26/28 MP: 3/3
  1065 | D:3      | HP: 7/28 [poisoned by an adder]
  1726 | D:4      | Gained mutation: You are partially covered in rugged brown
                  | scales. (AC +1, +3% HP) [demonic ancestry]
  1726 | D:4      | Reached XP level 4. HP: 26/35 MP: 4/4
  1820 | D:5      | Entered Level 5 of the Dungeon
  1828 | D:5      | Reached skill level 3 in Fighting
  1828 | D:5      | Reached skill level 4 in Long Blades
  1856 | D:5      | You pick up a book of Geomancy and begin reading...
  1856 | D:5      | You add the spells Sandblast, Passwall, Stone Arrow,
                  | Petrify and Lee's Rapid Deconstruction to your library.
  2017 | D:5      | Noticed a scorpion
  2026 | D:5      | Killed a scorpion
  2027 | D:5      | Gained mutation: You are mostly covered in rugged brown
                  | scales. (AC +2, +5% HP) [demonic ancestry]
  2027 | D:5      | Reached XP level 5. HP: 26/43 MP: 5/5
  2166 | D:5      | HP: 3/43 [hornet zombie (12)]
  2168 | D:5      | Mangled by a hornet zombie

Vanquished Creatures
  A scorpion (D:5)
  2 hounds
  A killer bee zombie (D:5)
  3 adders (D:3)
  A white imp (D:5)
  A dart slug (D:1)
  4 endoplasms
  A giant cockroach (D:3)
  A goblin (D:1)
  3 hobgoblins
  4 jackals (D:1)
  A kobold (D:3)
  5 quokkas
  A ball python (D:3)
  5 bats (D:3)
  2 frilled lizards (D:1)
  4 rats
40 creatures vanquished.

Table legend:
 A = Non-vault XP
 B = Vault XP
 C = Vault XP percentage of total XP
 D = Non-vault monster count
 E = Vault monster count
 F = Vault count percentage of total count
                 A         B        C        D         E       F
            +---------+---------+-------+---------+---------+-------
      Total |     156 |     142 |  47.7 |      27 |      13 |  32.5
            +---------+---------+-------+---------+---------+-------
        D:1 |      19 |       8 |  29.6 |      10 |       4 |  28.6
        D:2 |       2 |       0 |   0.0 |       1 |       0 |   0.0
        D:3 |      42 |      23 |  35.4 |      13 |       7 |  35.0
        D:4 |      40 |       0 |   0.0 |       1 |       0 |   0.0
        D:5 |      53 |     111 |  67.7 |       2 |       2 |  50.0
            +---------+---------+-------+---------+---------+-------

Illustrated notes

Table legend:
 A = Kills in this place as a percentage of kills in entire the game.
 B = Kills by you in this place as a percentage of kills by you in the entire game.
 C = Kills by friends in this place as a percentage of kills by friends in the entire game.
 D = Other kills in this place as a percentage of other kills in the entire game.
 E = Experience gained in this place as a percentage of experience gained in the entire game.
 F = Experience gained in this place divided by the number of levels of this place that you have seen.
                   A       B       C       D       E      F
               +-------+-------+-------+-------+-------+----------------------
         Total | 100.0 | 100.0 |   N/A |   N/A | 100.0 |  59.6
       Dungeon | 100.0 | 100.0 |   N/A |   N/A | 100.0 |  59.6
               +-------+-------+-------+-------+-------+----------------------

Table legend: (Time is in decaauts)
 A = Elapsed time spent in this place.
 B = Non-inter-level travel time spent in this place.
 C = Inter-level travel time spent in this place.
 D = Time resting spent in this place.
 E = Time spent auto-exploring this place.
 F = Levels seen in this place.
 G = Mean time per level.
                   A        B        C        D        E       F      G
               +--------+--------+--------+--------+--------+-----+--------+
         Total |   2187 |   2136 |     51 |    900 |    857 |   5 |  437.4 |
       Dungeon |   2187 |   2136 |     51 |    900 |    857 |   5 |  437.4 |
               +--------+--------+--------+--------+--------+-----+--------+

Top non-repeatable levels by time:
     D:3: 1092 daAuts
     D:1: 521 daAuts
     D:5: 348 daAuts
     D:4: 118 daAuts
     D:2: 106 daAuts
